Cogmind - Beta 9.4 @@@ ROGUE MODE // 2020.03.08 @ 04:04:58 Player: eldritch Result: Destroyed by S-27 Virus with Autogun Performance ------------- Evolutions (6) 3000 Regions Visited (14) 2800 Robots Destroyed (105) 525 Value Destroyed (2874) 2874 Prototype IDs (10) 200 Alien Tech Used (0) 0 Bonus (36) 36 TOTAL SCORE: 9435 Bonus ------- High Alert Combat Kills 36 Cogmind --------- Core Integrity 0/1150 Matter 38/300 Energy 100/100 System Corruption 7% Temperature Cool (0) Movement Core (300) Ox5 Location -4/Upper Caves Parts ------- > --- POWER (2) -------- (None) > --- PROPULSION (5) --- (None) > --- UTILITY (10) ----- Medium Storage Unit Medium Storage Unit Advanced Signal Interpreter Improved Armor Integrity Analyzer Improved Propulsion Shielding Hacking Suite > --- WEAPON (2) ------- (None) > --- INVENTORY (12) --- Cold Fusion Reactor Armored Treads Thermal Converter Experimental Sensor Array Advanced Dynamic Insulation System High-powered Shock Rifle Improved Arc Projector Variable Charge Gun Heavy Shock Bomb Launcher Peak State ------------ > --- POWER ------------ Light Fission Core Light Antimatter Reactor > --- PROPULSION ------- Improved VTOL Module Improved VTOL Module Improved VTOL Module Nuclear Pulse Array > --- UTILITY ---------- Coolant Injector Medium Storage Unit Medium Storage Unit Compact Battery Gravity Neutralizing Apparatus Experimental Sensor Array Advanced Signal Interpreter Advanced Shield Generator Hacking Suite Hacking Suite > --- WEAPON ----------- Variable Charge Gun Heavy Shock Bomb Launcher > --- INVENTORY -------- Cold Fusion Reactor Armored Treads Improved VTOL Module Improved VTOL Module Thermal Converter Gravity Neutralizing Apparatus Improved Armor Integrity Analyzer Advanced System Shield Improved Arc Projector KE Penetrator KE Penetrator [Rating: 89] Favorites ----------- Power Micro Nuclear Core Engine Improved Ion Engine Power Core Micro Nuclear Core Reactor Cold Fusion Reactor Propulsion Improved VTOL Module Treads Light Treads Leg Aluminum Leg Wheel Wheel Hover Unit Aerolev Unit Flight Unit Improved VTOL Module Utility Medium Storage Unit Device Experimental Sensor Array Storage Medium Storage Unit Processor Advanced Signal Interpreter Hackware Hacking Suite Protection Medium Armor Plating Weapon Heavy Assault Rifle Energy Gun EM Pulse Gun Ballistic Gun Heavy Assault Rifle Launcher Improved Grenade Launcher Impact Weapon Maul Slashing Weapon Greatsword Build | -11 -10 -10 -9 -8 -8 -7 -7 -7 -6 -6 -6 -5 -4 -4 ------- Run | Scr Mat Min Mat Mat Sto Fac Was Fac Fac Low Low Fac Fac Upp Slots Evolved 12 | . . . 2 2 . 2 . . 2 . . 2 2 . Power 1 | . . . . . . . . . 1 . . . . . Propulsion 3 | . . . . 2 . . . . 1 . . . . . Utility 8 | . . . 2 . . 2 . . . . . 2 2 . Weapon . | . . . . . . . . . . . . . . . Parts Attached 171 | . 6 10 23 23 21 1 . 23 13 8 . 21 21 1 Power 16 | . . . 1 2 . 1 . 2 1 . . 5 4 . Engine 5 | . . . 1 1 . 1 . 1 . . . 1 . . Core 6 | . . . . 1 . . . 1 1 . . 3 . . Reactor 5 | . . . . . . . . . . . . 1 4 . Propulsion 37 | . 4 2 2 7 11 . . 4 2 1 . 2 2 . Treads 7 | . . . 2 4 1 . . . . . . . . . Leg 2 | . 2 . . . . . . . . . . . . . Wheel 7 | . 2 2 . 3 . . . . . . . . . . Hover 9 | . . . . . 7 . . . 2 . . . . . Flight 12 | . . . . . 3 . . 4 . 1 . 2 2 . Utility 41 | . 1 2 7 3 5 . . 4 2 4 . 6 6 1 Device 18 | . 1 1 1 1 2 . . 3 . 3 . 2 3 1 Storage 9 | . . 1 2 2 . . . . . . . 4 . . Processor 5 | . . . 1 . 1 . . 1 . 1 . . 1 . Hackware 3 | . . . . . . . . . 2 . . . 1 . Protection 6 | . . . 3 . 2 . . . . . . . 1 . Artifact . | . . . . . . . . . . . . . . . Weapon 77 | . 1 6 13 11 5 . . 13 8 3 . 8 9 . Energy Gun 23 | . . 3 4 4 . . . 2 1 2 . 4 3 . Energy Cannon . | . . . . . . . . . . . . . . . Ballistic Gun 31 | . 1 . 6 4 2 . . 3 7 . . 4 4 . Ballistic Cannon . | . . . . . . . . . . . . . . . Launcher 15 | . . 3 2 2 1 . . 4 . 1 . . 2 . Special Weapon . | . . . . . . . . . . . . . . . Impact Weapon 6 | . . . 1 1 2 . . 2 . . . . . . Slashing Weapon 2 | . . . . . . . . 2 . . . . . . Piercing Weapon . | . . . . . . . . . . . . . . . Special Melee Weapon . | . . . . . . . . . . . . . . . Unidentified Prototypes 10 | . . 1 1 2 3 . . . . . . 2 1 . Parts Lost 39 | . 1 1 1 2 . . . 9 4 4 . . 9 8 Power 6 | . . . . . . . . 1 1 . . . 3 1 Propulsion 10 | . . . . 2 . . . 2 1 2 . . 1 2 Utility 12 | . . 1 . . . . . 4 . . . . 3 4 Weapon 11 | . 1 . 1 . . . . 2 2 2 . . 2 1 Highest Loss Streak 8 | . 1 1 1 1 . . . 6 2 2 . . 7 8 Average Slot Usage (%) 89 | . 95 97 98 98 99 84 84 87 79 80 66 80 80 47 Engine 5 | . 14 14 11 7 . 7 7 6 . . . . . . Core 2 | . . . . 1 9 . . . 9 6 6 3 2 . Treads 3 | . . . 9 18 1 . . . . . . . . . Leg 1 | . 26 . . . . . . . . . . . . . Wheel 6 | . 1 28 12 17 1 . . . . . . . . . Hover 6 | . . . . . 32 30 30 25 1 2 . . . . Flight 8 | . . . . . . . . 1 26 28 20 22 18 3 Device 7 | . 10 8 2 3 7 . . 10 . 6 6 11 14 5 Storage 16 | . 14 17 22 18 18 15 15 15 13 13 13 15 13 10 Processor 6 | . . . 10 9 9 7 7 7 6 6 6 5 5 10 Hackware 4 | . . . . . . . . . 11 13 13 11 10 7 Protection 3 | . . . 8 5 1 7 7 6 . . . . . 5 Energy Gun 3 | . 17 9 5 5 . . . . . 1 . . 1 . Ballistic Gun 8 | . 10 14 15 10 11 15 15 3 8 . . 2 4 1 Naked Turns . | . . . . . . . . . . . . . . . Heaviest Build 52 | 13 14 18 32 39 35 36 36 41 36 29 23 47 52 44 Greatest Support 50 | 20 20 20 20 40 44 44 44 44 24 30 18 42 50 41 Greatest Overweight (x) 3 | . 1 . 3 3 2 . . 1 1 1 1 1 1 2 Average Overweight (x) . | . . . 1 1 . . . . . . 1 . . 1 Largest Inventory Capacity 12 | 6 6 8 10 12 12 12 12 12 12 12 12 12 12 12 Average Capacity 10 | 6 6 6 9 11 12 12 12 12 12 12 12 12 12 12 Most Carried 12 | 6 6 8 10 12 12 12 12 12 10 11 9 12 12 10 Average Carried 9 | 6 5 6 9 11 11 12 12 11 7 7 9 11 10 9 Final Capacity 12 | 6 6 8 10 12 12 12 12 12 12 12 12 12 12 12 Final Carried 12 | 6 6 8 10 12 12 12 12 11 7 9 9 12 9 9 Class Distribution -------------------- 34% | Scavenger-Mutant 33% | Mutant 18% | Hacker-Sprinter 6% | Hacker-Mutant 5% | Scavenger-Sprinter Dominant Class ---------------- Mutant | -10/Materials Mutant | -10/Mines Scavenger-Mutant | -9/Materials Scavenger-Mutant | -8/Materials Mutant | -8/Storage Mutant | -7/Factory Mutant | -7/Waste Mutant | -7/Factory Scavenger-Mutant | -6/Factory Scavenger-Sprinter | -6/Lower Caves Hacker-Mutant | -6/Lower Caves Hacker-Sprinter | -5/Factory Hacker-Sprinter | -4/Factory Mutant | -4/Upper Caves Resources | -11 -10 -10 -9 -8 -8 -7 -7 -7 -6 -6 -6 -5 -4 -4 ----------- Run | Scr Mat Min Mat Mat Sto Fac Was Fac Fac Low Low Fac Fac Upp Matter Collected 2522 | 200 94 290 346 413 28 . . 503 316 109 . 103 120 . Remotely . | . . . . . . . . . . . . . . . Salvage Created 3609 | 80 266 304 710 794 80 . . 673 316 60 . 103 223 . Parts 220 | 4 17 17 48 47 3 . . 41 21 3 . 5 14 . Haulers Intercepted 7 | . . . 2 3 . . . 1 . . . 1 . . Recyclers Shooed 5 | . . 1 1 2 . . . 1 . . . . . . Parts Field Recycled . | . . . . . . . . . . . . . . . Retrieved Matter . | . . . . . . . . . . . . . . . Parts Self-Destructed 7 | . . . . . . . . . . 5 . . . 2 Prevented . | . . . . . . . . . . . . . . . Kills | -11 -10 -10 -9 -8 -8 -7 -7 -7 -6 -6 -6 -5 -4 -4 ------- Run | Scr Mat Min Mat Mat Sto Fac Was Fac Fac Low Low Fac Fac Upp Combat Hostiles Destroyed 69 | . 7 9 16 9 2 . . 14 5 3 . . 4 . Melee 2 | . . . . . . . . 2 . . . . . . Guns 33 | . 6 2 9 7 . . . 2 5 1 . . 1 . AOE 34 | . 1 7 7 2 2 . . 10 . 2 . . 3 . Classes Destroyed 13 | 2 3 2 3 1 . . . 1 1 . . . . . Worker 10 | . . 2 . 3 1 . . 3 1 . . . . . Builder 1 | . . . . . . . . 1 . . . . . . Tunneler 2 | 1 . . . . . . . 1 . . . . . . Hauler 7 | . . . 2 3 . . . 1 . . . 1 . . Recycler 7 | 1 . 2 1 1 . . . 2 . . . . . . Operator 3 | . 2 . 1 . . . . . . . . . . . Watcher 6 | . . . 1 2 1 . . 1 . . . . 1 . Swarmer 29 | . 3 6 7 . . . . 10 . 3 . . . . Grunt 22 | . 4 2 4 5 2 . . 2 3 . . . . . Sentry 11 | . . . 5 3 . . . 1 1 . . . 1 . Hunter 3 | . . . . 1 . . . 1 . . . . 1 . Programmer 3 | . . . . . . . . . 1 . . . 2 . Assembled 1 | . . 1 . . . . . . . . . . . . Best Kill Streak 6 | 2 5 3 5 6 3 . . 4 2 3 . 1 3 . Combat Bots Only 4 | . 3 3 4 2 2 . . 4 2 3 . . 3 . Max Kills in Single Turn 5 | 1 1 2 5 4 2 . . 3 1 2 . 1 3 . Gunslinging . | . . . . . . . . . . . . . . . Exploded 4 | . 1 2 4 2 2 . . 3 . 2 . . 3 . Melee 1 | . . . . . . . . 1 . . . . . . Uniques/NPCs Destroyed . | . . . . . . . . . . . . . . . Combat | -11 -10 -10 -9 -8 -8 -7 -7 -7 -6 -6 -6 -5 -4 -4 -------- Run | Scr Mat Min Mat Mat Sto Fac Was Fac Fac Low Low Fac Fac Upp Damage Taken 7000 | 18 282 183 563 772 42 . . 1308 819 178 . 73 1207 1555 Core 1870 | . 27 26 73 117 . . . 223 160 57 . 27 287 873 Absorbed by Shields 184 | . . . . . . . . . . . . . 184 . Core Remaining (%) 82 | 100 . 78 81 . 78 . . 68 . . 74 97 . . Volleys Fired 253 | 4 32 28 41 49 6 . . 29 22 8 . 9 25 . Largest 2 | 2 2 2 2 2 1 . . 2 2 1 . 2 2 . Hottest 225 | 90 90 60 68 73 36 . . 81 78 50 . 225 225 . Shots Fired 420 | 8 57 53 80 92 6 . . 34 41 8 . 12 29 . Gun 392 | 8 57 43 77 90 3 . . 25 41 7 . 12 29 . Cannon . | . . . . . . . . . . . . . . . Launcher 28 | . . 10 3 2 3 . . 9 . 1 . . . . Special . | . . . . . . . . . . . . . . . Kinetic 236 | . 18 25 56 54 3 . . 15 37 . . 6 22 . Thermal 24 | 4 7 . . . . . . . . . . 6 7 . Explosive 28 | . . 10 3 2 3 . . 9 . 1 . . . . Electromagnetic 132 | 4 32 18 21 36 . . . 10 4 7 . . . . Robot Hit Streak 13 | 2 10 6 12 13 3 . . 5 9 5 . 5 8 . Robot Miss Streak 5 | 2 4 5 2 3 1 . . 5 5 2 . . 3 . Penetration Max 1 | . . . . 1 . . . . . . . . . . Secondary Targets 1 | . 1 . . . . . . . . . . . . . Max Gunslinging Chain 1 | . 1 . . . . . . . . . . . . . Shots Hit Robots 296 | 5 29 29 51 73 5 . . 40 41 3 . 5 15 . Core Hits 187 | 3 12 18 33 34 6 . . 28 38 4 . 2 9 . Critical Hits 3 | . 1 . . . . . . 1 . . . . 1 . Critical Kills 1 | . . . . . . . . . . . . . 1 . Critical Parts Destroyed 2 | . 1 . . . . . . 1 . . . . . . Melee Attacks 56 | . . . 2 3 22 . . 29 . . . . . . Impact 35 | . . . 2 3 22 . . 8 . . . . . . Slashing 21 | . . . . . . . . 21 . . . . . . Piercing . | . . . . . . . . . . . . . . . Sneak Attacks 8 | . . . . . 1 . . 7 . . . . . . Combat Hostiles . | . . . . . . . . . . . . . . . Follow-up Attacks . | . . . . . . . . . . . . . . . Damage Inflicted 9804 | 107 493 919 1054 1519 484 . . 3137 667 253 . 164 1007 . Guns 4126 | 65 379 335 645 1200 17 . . 269 655 78 . 122 361 . Cannons . | . . . . . . . . . . . . . . . Explosions 3715 | 42 114 579 409 319 371 . . 1107 . 175 . . 599 . Melee 1810 | . . . . . 96 . . 1714 . . . . . . Ramming 153 | . . 5 . . . . . 47 12 . . 42 47 . Kinetic 2595 | . 93 163 454 677 17 . . 149 591 . . 122 329 . Thermal 990 | 67 178 82 . . . . . 32 . . . . 631 . Explosive 2846 | . . 497 409 319 371 . . 1075 . 175 . . . . Electromagnetic 1410 | 40 222 172 191 523 . . . 120 64 78 . . . . Impact 375 | . . . . . 96 . . 279 . . . . . . Slashing 1435 | . . . . . . . . 1435 . . . . . . Piercing . | . . . . . . . . . . . . . . . Highest Corruption 18 | . . . . . 2 . . 18 . . . . 7 7 Average Corruption 2 | . . . . . 2 . . 2 . . . . 4 7 Corruption Purged . | . . . . . . . . . . . . . . . Effects 21 | . . . . . 9 . . 5 . . . . 7 . Message Errors 6 | . . . . . 3 . . 1 . . . . 2 . Heat Flow Errors 3 | . . . . . 2 . . 1 . . . . . . Energy Discharges 3 | . . . . . . . . 1 . . . . 2 . Parts Rejected 1 | . . . . . . . . . . . . . 1 . Data Loss (minor) 3 | . . . . . 3 . . . . . . . . . Misdirections 2 | . . . . . . . . 2 . . . . . . Targeting Errors 2 | . . . . . 1 . . . . . . . 1 . Weapon Failures 1 | . . . . . . . . . . . . . 1 . Overload Shots 8 | . . . . . . . . . . . . 5 3 . Overflow Damage 552 | . 37 38 . 9 71 . . 374 . 17 . . 6 . Projectiles . | . . . . . . . . . . . . . . . Explosions 146 | . 37 38 . 9 . . . 39 . 17 . . 6 . Melee 406 | . . . . . 71 . . 335 . . . . . . Knockbacks 5 | . . . . . 1 . . 4 . . . . . . Impact 5 | . . . . . 1 . . 4 . . . . . . Kinetic . | . . . . . . . . . . . . . . . Secondary . | . . . . . . . . . . . . . . . Self-Inflicted Damage 219 | 19 32 22 . 42 . . . 58 5 . . 19 22 . Shots 7 | 1 1 3 . 1 . . . 1 . . . . . . Rammed 20 | . . 1 . . . . . 4 2 . . 6 7 . Targets Rammed 20 | . . 1 . . . . . 4 2 . . 6 7 . Kicked . | . . . . . . . . . . . . . . . Crushed . | . . . . . . . . . . . . . . . Highest Temperature 456 | 102 177 27 81 185 230 . . 122 132 8 . 456 368 . Average Temperature 74 | 57 74 17 25 99 71 . . 52 55 4 . 121 114 . Received Heat Transfer 1080 | . 114 60 177 288 27 . . 42 288 . . . 84 . Effects 4 | . . . . . . . . . . . . 3 1 . Shutdowns 1 | . . . . . . . . . . . . . 1 . Damage (major) 3 | . . . . . . . . . . . . 3 . . Siege Activations . | . . . . . . . . . . . . . . . Robots Corrupted . | . . . . . . . . . . . . . . . Combat Hostiles . | . . . . . . . . . . . . . . . Parts Fried 7 | . 1 . 1 . 1 . . 3 . 1 . . . . Impact Corruptions 9 | . . . . . 2 . . 7 . . . . . . Robots Melted . | . . . . . . . . . . . . . . . Combat Hostiles . | . . . . . . . . . . . . . . . Parts Melted 1 | . . . . . . . . . . . . . 1 . Heat Transferred 1033 | 74 385 100 . . . . . 50 . . . . 424 . Parts Sabotaged . | . . . . . . . . . . . . . . . Parts Stolen . | . . . . . . . . . . . . . . . Parts Stripped . | . . . . . . . . . . . . . . . Power Chain Reactions 5 | 1 1 2 . . . . . 1 . . . . . . Missiles Intercepted . | . . . . . . . . . . . . . . . Alert | -11 -10 -10 -9 -8 -8 -7 -7 -7 -6 -6 -6 -5 -4 -4 ------- Run | Scr Mat Min Mat Mat Sto Fac Was Fac Fac Low Low Fac Fac Upp Peak Influence 515 | 10 244 279 241 298 130 42 44 316 215 . . 451 515 . Average Influence 127 | 6 115 173 99 161 101 42 24 148 134 . . 46 306 . Maximum Alert Level 2 | . 1 1 1 1 . . . 1 1 . . 2 2 . Low Security (%) 78 | 100 81 48 92 80 100 100 100 75 92 . . 93 . . Level 1 20 | . 18 51 7 19 . . . 24 8 . . . 90 . Level 2 1 | . . . . . . . . . . . . 6 9 . Level 3 . | . . . . . . . . . . . . . . . Level 4 . | . . . . . . . . . . . . . . . Level 5 . | . . . . . . . . . . . . . . . High Security . | . . . . . . . . . . . . . . . Max Security . | . . . . . . . . . . . . . . . Squads Dispatched 20 | . 3 . 2 . 1 . . 4 3 . . 4 3 . Investigation 5 | . . . 1 . . . . . 1 . . 2 1 . Extermination 4 | . . . . . . . . 1 1 . . 1 1 . Reinforcement 10 | . 3 . 1 . 1 . . 2 1 . . 1 1 . Assault . | . . . . . . . . . . . . . . . Garrison 1 | . . . . . . . . 1 . . . . . . Intercept . | . . . . . . . . . . . . . . . Construction Impeded . | . . . . . . . . . . . . . . . Haulers Reinforced 2 | . . . . . . . . 2 . . . . . . Stealth | -11 -10 -10 -9 -8 -8 -7 -7 -7 -6 -6 -6 -5 -4 -4 --------- Run | Scr Mat Min Mat Mat Sto Fac Was Fac Fac Low Low Fac Fac Upp Distress Signals 7 | . 1 . . 2 . . . 2 1 . . . 1 . Communications Jammed 9 | . . . . 9 . . . . . . . . . . Distress Signals 9 | . . . . 9 . . . . . . . . . . Times Spotted 153 | . 14 7 29 19 5 . 6 26 11 5 . 3 19 9 Peak Tracking Total 9 | . 3 3 5 5 3 . 6 4 3 4 . 1 9 8 Tactical Retreats 16 | . 1 . 1 5 . . . 3 1 . . . 4 1 Traps | -11 -10 -10 -9 -8 -8 -7 -7 -7 -6 -6 -6 -5 -4 -4 ------- Run | Scr Mat Min Mat Mat Sto Fac Was Fac Fac Low Low Fac Fac Upp Traps Triggered 10 | . . . 1 1 1 1 . 2 3 . . 1 . . Indirectly . | . . . . . . . . . . . . . . . Trap Hack Attempts . | . . . . . . . . . . . . . . . Triggered . | . . . . . . . . . . . . . . . Disarmed . | . . . . . . . . . . . . . . . Reprogrammed . | . . . . . . . . . . . . . . . Reused . | . . . . . . . . . . . . . . . Traps Extracted . | . . . . . . . . . . . . . . . Installed . | . . . . . . . . . . . . . . . Triggered . | . . . . . . . . . . . . . . . Machines | -11 -10 -10 -9 -8 -8 -7 -7 -7 -6 -6 -6 -5 -4 -4 ---------- Run | Scr Mat Min Mat Mat Sto Fac Was Fac Fac Low Low Fac Fac Upp Machines Disabled 18 | . 2 . 4 2 2 . . 3 . . . 1 4 . Max in Single Turn 3 | . 1 . 2 1 1 . . 1 . . . 1 3 . Garrison Access 3 | . . . . . . . . 1 . . . 1 1 . Machines Sabotaged . | . . . . . . . . . . . . . . . Garrisons Compromised . | . . . . . . . . . . . . . . . Overloaded Fab Kills . | . . . . . . . . . . . . . . . Fab Network Shutdowns 1 | . . . . . . . . . . . . 1 . . Hacking | -11 -10 -10 -9 -8 -8 -7 -7 -7 -6 -6 -6 -5 -4 -4 --------- Run | Scr Mat Min Mat Mat Sto Fac Was Fac Fac Low Low Fac Fac Upp Machines Accessed 29 | . 4 . 5 2 2 . . 4 1 . . 6 5 . Terminals 18 | . 4 . 4 1 2 . . 2 1 . . 2 2 . Fabricators 3 | . . . . . . . . 1 . . . 1 1 . Repair Stations 4 | . . . 1 1 . . . . . . . 1 1 . Recycling Units . | . . . . . . . . . . . . . . . Scanalyzers . | . . . . . . . . . . . . . . . Garrison Access 4 | . . . . . . . . 1 . . . 2 1 . Total Hacks 82 | . 10 . 19 9 4 . . 5 3 . . 17 15 . Successful 51 | . 6 . 15 6 3 . . 3 1 . . 9 8 . Failed 31 | . 4 . 4 3 1 . . 2 2 . . 8 7 . Catastrophic 5 | . 1 . . . . . . 1 . . . 1 2 . Database Lockouts . | . . . . . . . . . . . . . . . Manual 45 | . 6 . 11 4 3 . . 2 3 . . 9 7 . Terminals 52 | . 10 . 12 4 4 . . 2 3 . . 9 8 . Fabricators 7 | . . . . . . . . 1 . . . 3 3 . Repair Stations 16 | . . . 7 5 . . . . . . . 2 2 . Recycling Units . | . . . . . . . . . . . . . . . Scanalyzers . | . . . . . . . . . . . . . . . Garrison Access 7 | . . . . . . . . 2 . . . 3 2 . Terminal Hacks 11 | . 2 . 2 . 1 . . . 1 . . 2 3 . Part Schematic 4 | . . . . . . . . . 1 . . . 3 . Open Door 1 | . . . . . 1 . . . . . . . . . Level Access Points 1 | . 1 . . . . . . . . . . . . . Branch Access Points 2 | . 1 . . . . . . . . . . 1 . . Unreport Threat 1 | . . . 1 . . . . . . . . . . . Recall Extermination 1 | . . . . . . . . . . . . 1 . . Recall Reinforcements 1 | . . . 1 . . . . . . . . . . . Fabricator Hacks 6 | . . . . . . . . 1 . . . 3 2 . Network Status 1 | . . . . . . . . 1 . . . . . . Load Schematic 2 | . . . . . . . . . . . . 1 1 . Build 3 | . . . . . . . . . . . . 2 1 . Repair Station Hacks 13 | . . . 6 4 . . . . . . . 2 1 . Scan Component 6 | . . . 3 2 . . . . . . . 1 . . Repair 6 | . . . 3 2 . . . . . . . 1 . . Refit 1 | . . . . . . . . . . . . . 1 . Recycling Unit Hacks . | . . . . . . . . . . . . . . . Scanalyzer . | . . . . . . . . . . . . . . . Garrison Access Hacks 3 | . . . . . . . . 1 . . . 1 1 . Seal Access 3 | . . . . . . . . 1 . . . 1 1 . Unauthorized Hacks 39 | . 9 . 16 4 4 . . 2 . . . 2 2 . Terminals 18 | . 4 . 7 2 2 . . 1 . . . 1 1 . Track 8 | . 3 . 3 1 1 . . . . . . . . . Botnet 10 | . 1 . 4 1 1 . . 1 . . . 1 1 . Fabricators . | . . . . . . . . . . . . . . . Repair Stations . | . . . . . . . . . . . . . . . Recycling Units . | . . . . . . . . . . . . . . . Scanalyzers . | . . . . . . . . . . . . . . . Garrison Access . | . . . . . . . . . . . . . . . Data Cores Recovered . | . . . . . . . . . . . . . . . Used . | . . . . . . . . . . . . . . . Hacking Detections 25 | . 4 . 4 2 1 . . 3 1 . . 5 5 . Full Trace Events 4 | . . . . . . . . . 1 . . 2 1 . Feedback Events 1 | . . . . . . . . . . . . . 1 . Corruption 1 | . . . . . . . . . . . . . 1 . Feedback Blocked . | . . . . . . . . . . . . . . . Robot Schematics Acquired . | . . . . . . . . . . . . . . . Robots Built . | . . . . . . . . . . . . . . . Matter . | . . . . . . . . . . . . . . . Time . | . . . . . . . . . . . . . . . Total Robot Build Rating . | . . . . . . . . . . . . . . . Part Schematics Acquired 4 | . . . . . . . . . 1 . . . 3 . Parts Built 3 | . . . . . . . . . . . . 2 1 . Matter 650 | . . . . . . . . . . . . 438 212 . Time 151 | . . . . . . . . . . . . 116 35 . Total Part Build Rating 12 | . . . . . . . . . . . . 6 6 . Parts Repaired 6 | . . . 3 2 . . . . . . . 1 . . Time 215 | . . . 144 58 . . . . . . . 13 . . Parts Recycled . | . . . . . . . . . . . . . . . Recycled Matter . | . . . . . . . . . . . . . . . Retrieved Matter . | . . . . . . . . . . . . . . . Retrieved Components . | . . . . . . . . . . . . . . . Parts Scanalyzed . | . . . . . . . . . . . . . . . Part Schematics Acquired . | . . . . . . . . . . . . . . . Parts Damaged . | . . . . . . . . . . . . . . . Bothacking | -11 -10 -10 -9 -8 -8 -7 -7 -7 -6 -6 -6 -5 -4 -4 ------------ Run | Scr Mat Min Mat Mat Sto Fac Was Fac Fac Low Low Fac Fac Upp Used RIF Installer . | . . . . . . . . . . . . . . . Robots Hacked . | . . . . . . . . . . . . . . . Non-combat . | . . . . . . . . . . . . . . . Combat . | . . . . . . . . . . . . . . . Robot Hacks Applied . | . . . . . . . . . . . . . . . Relay Couplers Released . | . . . . . . . . . . . . . . . Robots Rewired . | . . . . . . . . . . . . . . . Allies Hacked . | . . . . . . . . . . . . . . . Hacks Repelled . | . . . . . . . . . . . . . . . Allies | -11 -10 -10 -9 -8 -8 -7 -7 -7 -6 -6 -6 -5 -4 -4 -------- Run | Scr Mat Min Mat Mat Sto Fac Was Fac Fac Low Low Fac Fac Upp Total Allies . | . . . . . . . . . . . . . . . Largest Group . | . . . . . . . . . . . . . . . Highest-Rated Group . | . . . . . . . . . . . . . . . Highest-Rated Ally . | . . . . . . . . . . . . . . . Total Orders 11 | . . . . . 11 . . . . . . . . . STAY 1 | . . . . . 1 . . . . . . . . . GOTO 8 | . . . . . 8 . . . . . . . . . EXPLORE 2 | . . . . . 2 . . . . . . . . . Ally Attacks . | . . . . . . . . . . . . . . . Total Damage . | . . . . . . . . . . . . . . . Kills . | . . . . . . . . . . . . . . . Allies Corrupted . | . . . . . . . . . . . . . . . Allies Melted . | . . . . . . . . . . . . . . . Intel | -11 -10 -10 -9 -8 -8 -7 -7 -7 -6 -6 -6 -5 -4 -4 ------- Run | Scr Mat Min Mat Mat Sto Fac Was Fac Fac Low Low Fac Fac Upp Robot Analysis Total . | . . . . . . . . . . . . . . . Derelict Logs Recovered 3 | . . 2 . . . . . . . 1 . . . . Drone Launches 4 | . . . . . 4 . . . . . . . . . Drone Recoveries . | . . . . . . . . . . . . . . . Exploration | -11 -10 -10 -9 -8 -8 -7 -7 -7 -6 -6 -6 -5 -4 -4 ------------- Run | Scr Mat Min Mat Mat Sto Fac Was Fac Fac Low Low Fac Fac Upp Turns Passed 6852 | 38 348 622 1191 736 514 44 29 824 325 496 21 1167 458 39 Spaces Moved 6314 | 22 184 631 590 455 339 108 75 933 230 644 22 1402 668 11 Core 9 | . . . . . . . . . . . . . 2 7 Treads 319 | . . . 281 17 21 . . . . . . . . . Legs 178 | 22 156 . . . . . . . . . . . . . Wheels 1406 | . 28 631 309 438 . . . . . . . . . . Hover 1369 | . . . . . 318 108 75 868 . . . . . . Flight 3033 | . . . . . . . . 65 230 644 22 1402 666 4 Fastest Speed 23 | 120 80 80 80 90 38 38 38 26 26 24 99 23 23 34 Average Speed 61 | 120 113 80 136 96 47 38 38 52 92 34 99 34 37 134 Slowest Speed 215 | 120 120 80 180 160 215 38 38 106 96 99 99 99 109 175 Overloaded Moves . | . . . . . . . . . . . . . . . Propulsion Burnouts . | . . . . . . . . . . . . . . . Robots Hopped 15 | . . . . . . . . 1 1 2 . 3 8 . Cave-ins Triggered 1 | . . . . . . . . 1 . . . . . . Exploration Rate (%) 32 | 3 37 85 53 32 49 3 64 30 10 62 7 28 17 5 Regions Visited 14 Branch Regions 5 Pre-discovered Areas 1 | . . 1 . . . . . . . . . . . . Known Exits Taken 9 | . 1 1 . . 1 . . 1 1 1 1 1 1 . Unknown Exits Taken 3 | 1 . . 1 1 . . . . . . . . . . Scrap Searched 2 | . . 1 . . . . . . . 1 . . . . Spaces Dug 21 | . . . 2 3 7 . . 1 . . . 5 3 . Terrain Destroyed 239 | 2 3 71 17 25 31 . . 43 . 5 . 6 36 . Melee 13 | . . . 2 3 7 . . 1 . . . . . . Projectile 14 | . . . . . . . . . . . . 6 8 . AOE 212 | 2 3 71 15 22 24 . . 42 . 5 . . 28 . Actions | -11 -10 -10 -9 -8 -8 -7 -7 -7 -6 -6 -6 -5 -4 -4 --------- Run | Scr Mat Min Mat Mat Sto Fac Was Fac Fac Low Low Fac Fac Upp Total 8704 | 25 266 693 898 656 641 112 74 1171 298 907 21 2070 836 36 Wait 1757 | . 36 17 224 101 229 . . 138 29 243 . 610 107 23 Move 6273 | 21 183 630 589 454 338 108 74 930 228 640 21 1395 651 11 Hop 14 | . . . . . . . . 1 1 1 . 3 8 . Pick Up 58 | . 3 3 5 10 7 1 . 5 2 5 . 11 6 . Fast Attach 59 | . 3 1 9 9 10 1 . 7 5 1 . 8 5 . Attach 41 | . 1 1 1 2 . . . 8 8 4 . 5 10 1 Detach 18 | . . 1 . . . . . 4 2 1 . 5 4 1 Swap 71 | . 2 8 13 12 11 . . 8 . 3 . 8 6 . Drop 83 | . 6 3 14 16 16 2 . 8 . 1 . 10 7 . Fire 253 | 4 32 28 41 49 6 . . 29 22 8 . 9 25 . Melee 56 | . . . 2 3 22 . . 29 . . . . . . Ram 19 | . . 1 . . . . . 4 1 . . 6 7 . Kick . | . . . . . . . . . . . . . . . Crush . | . . . . . . . . . . . . . . . Escape Stasis . | . . . . . . . . . . . . . . . Rewire . | . . . . . . . . . . . . . . . Trap . | . . . . . . . . . . . . . . . Miscellaneous 2 | . . . . . 2 . . . . . . . . . Route ------- -11/Scrapyard -10/Materials (discovered 5 exits: *Mat x3 / *Min x2) -10/Mines -9/Materials (discovered 2 exits: *Mat x2) -8/Materials -8/Storage -7/Factory -7/Waste -7/Factory -6/Factory -6/Lower Caves -6/Lower Caves -5/Factory (discovered 4 exits: *Fac x2 / Upp x2) -4/Factory -4/Upper Caves History --------- Turn | Location | Event 1 | -11/Scrapyard | Discovered new exit (range 3) 39 | -11/Scrapyard | Entered Materials 60 | -10/Materials | Identified exit to Materials 209 | -10/Materials | Identified exit to Mines 318 | -10/Materials | Build established: Mutant 387 | -10/Materials | Entered Mines 433 | -10/Mines | Met a Derelict bent on vengeance 454 | -10/Mines | Learned Materials machine intel 535 | -10/Mines | Learned location of Zion (-7) 560 | -10/Mines | Assembled infested the area 784 | -10/Mines | Discovered exit to Materials (range 12) 805 | -10/Mines | Found a damaged Exp. Sensor Array with a note attached 808 | -10/Mines | Found Prototype Device 812 | -10/Mines | Identified Exp. Sensor Array 1009 | -10/Mines | Entered Materials 1009 | -9/Materials | Evolved 2 slots: Utility x2 1010 | -9/Materials | Loaded intel: 55 machine locations 1438 | -9/Materials | Build established: Scavenger-Mutant 1466 | -9/Materials | Discovered new exit (range 3) 2002 | -9/Materials | Repaired Hvy. EM Pulse Gun 2035 | -9/Materials | Repaired Hvy. Assault Rifle 2117 | -9/Materials | Repaired Exp. Sensor Array 2188 | -9/Materials | Discovered new exit (range 8) 2200 | -9/Materials | Entered another Materials area 2200 | -8/Materials | Evolved 2 slots: Propulsion x2 2341 | -8/Materials | Repaired Wheel 2375 | -8/Materials | Repaired Imp. Ion Engine 2897 | -8/Materials | Discovered new exit (range 7) 2936 | -8/Materials | Entered Storage 3272 | -8/Storage | Build established: Mutant 3447 | -8/Storage | Discovered new exit (range 8) 3450 | -8/Storage | Identified exit to Factory 3450 | -8/Storage | Entered Factory 3450 | -7/Factory | Evolved 2 slots: Utility x2 3477 | -7/Factory | Discovered new exit (range 16) 3483 | -7/Factory | Identified exit to Factory 3494 | -7/Factory | Sucked down chute 3494 | -7/Factory | Entered Waste 3498 | -7/Waste | Spotted C-40 Crusher 3510 | -7/Waste | Spotted C-40 Crusher 3511 | -7/Waste | Spotted C-40 Crusher 3512 | -7/Waste | Spotted C-40 Crusher 3512 | -7/Waste | Spotted C-40 Crusher 3513 | -7/Waste | Spotted C-40 Crusher 3514 | -7/Waste | Discovered new exit (range 11) 3522 | -7/Waste | Identified exit to Factory 3523 | -7/Waste | Entered Factory 4295 | -7/Factory | Crushed by falling debris 4295 | -7/Factory | System corruption reached 10% 4299 | -7/Factory | Garrison activated, responded to threat 4339 | -7/Factory | Lost 6 parts (1p1n2u2w) 4346 | -7/Factory | Discovered exit to Factory (range 5) 4347 | -7/Factory | Entered another Factory area 4347 | -6/Factory | Evolved 2 slots: Power x1, Propulsion x1 4668 | -6/Factory | Discovered new exit (range 10) 4670 | -6/Factory | Identified exit to Lower Caves 4672 | -6/Factory | Entered Lower Caves 4914 | -6/Lower Caves | Learned Factory machine intel 5006 | -6/Lower Caves | Build established: Scavenger-Sprinter 5163 | -6/Lower Caves | Discovered new exit (range 5) 5167 | -6/Lower Caves | Identified exit to Lower Caves 5168 | -6/Lower Caves | Entered another Lower Caves area 5178 | -6/Lower Caves | Discovered new exit (range 13) 5188 | -6/Lower Caves | Identified exit to Factory 5189 | -6/Lower Caves | Entered Factory 5189 | -5/Factory | Evolved 2 slots: Utility x2 5190 | -5/Factory | Loaded intel: 256 machine locations 5530 | -5/Factory | Build established: Hacker-Sprinter 5768 | -5/Factory | Fabricated Imp. VTOL Module (x1) 5828 | -5/Factory | Fabricated Imp. VTOL Module (x1) 5967 | -5/Factory | Repaired Med. Storage Unit 6109 | -5/Factory | Discovered new exit (range 13) 6113 | -5/Factory | Identified exit to Factory 6191 | -5/Factory | Identified exit to Upper Caves 6200 | -5/Factory | Discovered exit to Factory (range 15) 6278 | -5/Factory | Local fabrication network quarantined 6356 | -5/Factory | Entered another Factory area 6356 | -4/Factory | Evolved 2 slots: Utility x2 6564 | -4/Factory | Fabricated Adv. System Shield? 6638 | -4/Factory | Spotted B-86 Titan 6761 | -4/Factory | Lost 7 parts (2p1n3u1w) 6798 | -4/Factory | Discovered new exit (range 16) 6812 | -4/Factory | Identified exit to Upper Caves 6814 | -4/Factory | Entered Upper Caves 6834 | -4/Upper Caves | Core integrity fell below 50% 6846 | -4/Upper Caves | Core integrity fell below 20% 6853 | -4/Upper Caves | Destroyed by S-27 Virus with Autogun Last Messages --------------- 06807_ Acquired Antimatter Reactor. 06808_ System corrupted: Energy discharge (-8). 06810_ Penetrated by Slug. 06812_ EXIT=IDENTIFIED: UPPER CAVES 06813_ Acquired Prototype Device. 06813_ Identified Adv. Dynamic Insulation System. 06813_ Penetrated by Slug. LOCATION=UPPER CAVES GOAL=ESCAPE 06816_ Gravity Neutralizing Apparatus destroyed. 06817_ Field Propulsion Array destroyed. 06820_ S-27 Virus destroyed. 06822_ KE Penetrator destroyed. 06827_ Coolant Injector destroyed. 06834_ Antimatter Reactor destroyed. 06835_ Hacking Suite destroyed. 06842_ Gravity Neutralizing Apparatus destroyed. 06849_ Imp. VTOL Module destroyed. 06849_ S-27 Virus destroyed. 06853_ VTOL Module fries itself beyond repair. Map ----- +----------------------------------------------------+ | ?????????????????????????????????????????????????? | | ?????????????????????????????????????????????????? | | ?????????????????????????????????????????????????? | | ?????????????????????????????????????????????????? | | ?????????????????????????????????????????????????? | | ?????????????????????????????????????????????????? | | ?????????????????????????????????????????????????? | | ?????????????????????????????????????????????????? | | ?????????????????????????????????????????????????? | | ?????????????????????????????????????????????????? | | ?????????????????????????????????????????????????? | | ?????????????????????????????????????????????????? | | ?????????????????????????????????????????????????? | | ????????????????#????????????????????????????????? | | ???????????????? ???????????????????????????????? | | ????????????????# ??##??????????????????????????? | | ??????????????### #?# ####??????????????????????? | | ??????????????? ## ??????????##??????????? | | ???????????????? #????????## ##?????????? | | ????????????????? ##?????### #?????????? | | ??????????????????? ####### #?????????? | | ????????????????????# [ ## #??????? | | ????????????????????# ss % #??????? | | ????????????????????# *%### #??????? | | ????????????????????# ss## ##??????? | | ????????????????????# @s # ## ##???????? | | ????????????????????# ###s ## # #? #????????? | | ?????????????????????????##### # #? #????????? | | ?????????????????????????????# # #?# ##????????? | | ????????????????????????????? # #??##?????????? | | ????????????????????????????# ### #?????????????? | | ????????????????????????????# ??# #?????????????? | | ????????????????????????????# ??# ?????????????? | | ????????????????????????????# ?? ?????????????? | | ????????????????????????????# ?? ?????????????? | | ????????????????????????????# ?? #?????????????? | | ???????????????????????????? ?? #?????????????? | | ???????????????????????????? ?? ??????????????? | | ???????????????????????????? ??? ??????????????? | | ???????????????????????????? ??? ??????????????? | | ???????????????????????????? ????????????????????? | | ?????????????????????????????????????????????????? | | ?????????????????????????????????????????????????? | | ?????????????????????????????????????????????????? | | ?????????????????????????????????????????????????? | | ?????????????????????????????????????????????????? | | ?????????????????????????????????????????????????? | | ?????????????????????????????????????????????????? | | ?????????????????????????????????????????????????? | | ?????????????????????????????????????????????????? | +----------------------------------------------------+ Best States ------------- Heat Dissipation 75 Coolant Potential 65 Energy Generation 34 Energy Capacity 560 Matter Stores 300 Matter Capacity 300 Sight Range 16 Robot Scan Range 30 Terrain Scan Density 10 Jamming Range 8 Additional Mass Support 12 Armor Coverage 225 Propulsion Shielding 66 Evasion (%) 65 Targeting Accuracy 6 Armor Integrity Analysis 50 Recoil Reduction 2 Offensive Hacking 20 Defensive Hacking 14 Item Schematics ----------------- Imp. VTOL Module | -6/Factory | Hacked Hyp. Railgun | -4/Factory | Hacked Adv. Hacking Suite | -4/Factory | Hacked Adv. System Shield | -4/Factory | Hacked Robot Schematics ------------------ None Fabricated ------------ Imp. VTOL Module | x1 | -5/Factory Imp. VTOL Module | x1 | -5/Factory Adv. System Shield | x1 | -4/Factory Alien Tech Used ----------------- None Achievements -------------- None Challenges ------------ None Game ------ Seed UltimateUtilityProtomatter Manual? 0 Play Time 01:40:09 Cumulative 218.7 hours Start 2020.03.08 @ 01:08:22 End 2020.03.08 @ 04:04:58 Sessions 1 Manual Loads 0 Difficulty Rogue Special Mode None Game No. 492 Rogue 492 Adventurer 0 Explorer 0 Win Type - Total 4 Types 3/0/0/1/0/0/0 Lore% 63 Gallery% 66 Achievement% 56 Wizard Run 0 Options --------- ASCII 0 Keyboard 0 Movement Arrows Keybinds 0 Fullscreen 1 Font 16/SmallcapsGlow Map View 75x55 Tactical HUD 1 Map Filters NONE Filters NONE Steam 1 RUN: 4a9e736d-c480-48a3-9d76-52e9a6d34052